 Dungeon Crawl Stone Soup version 0.31-a0-1612-g4aaf141004 (webtiles) character file.

Game seed: 17444589738601339521

21 MisterFreud the Ruffian (level 2, -9/24 HPs)
             Began as a Draconian Shapeshifter on Jan 9, 2024.
             Mangled by a gnoll
             ... wielding a +0 flail
              (11 damage)
             ... on level 1 of the Dungeon.
             The game lasted 00:00:53 (364 turns).

MisterFreud the Ruffian (Draconian Shapeshifter)     Turns: 364, Time: 00:00:54

Health: -9/24      AC:  4    Str: 16    XL:     2   Next: 65%
Magic:  2/2        EV: 12    Int: 16    God:
Gold:   57         SH:  0    Dex: 10    Spells: 1/1 levels left

rFire   . .          .
                       - Unarmed
rCold   . . .        (no shield)
rNeg    . . .        (body armour unavailable)
rPois   .            (helmet currently unavailable)
rElec   .            (cloak currently unavailable)
rCorr   .            (gloves currently unavailable)
SInv    .            (boots currently unavailable)
Will    .....        (no amulet)
Stlth   +            f - +6 ring of intelligence
HPRegen 0.24/turn    (no ring)
MPRegen 0.08/turn

%: no passive effects
@: beast-form, attractive
A: beast (slay +1), AC +4, unfitting armour, cold-blooded
a: Begin Untransformation


You were on level 1 of the Dungeon.
You were a hulking beast.
You visited 1 branch of the dungeon, and saw 1 of its levels.

You collected 57 gold pieces.

Inventory:

Jewellery
 f - a +6 ring of intelligence (left hand)
Talismans
 b - a beast talisman
 c - a flux talisman
Potions
 a - a potion of lignification


   Skills:
 + Level 2.0 Fighting
 - Level 1.7 Dodging
 + Level 3.3 Unarmed Combat
 + Level 3.3 Shapeshifting


You had one spell level left.
You didn't know any spells.
Your spell library contained the following spells:

 Spells                   Type           Power      Damage    Failure   Level
 Blink                    Tloc           0%         N/A       36%         2
 Lesser Beckoning         Tloc           0%         N/A       36%         2
 Momentum Strike          Conj/Tloc      0%         3d8       36%         2


Dungeon Overview and Level Annotations

Branches:
Dungeon (1/15)

Altars:


Innate Abilities, Weirdness & Mutations

You are a hulking beast.
Your limbs bulge with bestial killing power. (Slay +1)
Your plain brown scales are hard. (AC +4)
You cannot fit into any form of body armour.
You are cold-blooded and may be slowed by cold attacks.


Message History

There are monsters nearby!
The gnoll shouts!
You hit the bat. You tail-slap the bat.
You kill the bat!
You hear a shout! x2
A rat comes into view.
A goblin comes into view. It is wielding a +0 club.
The rat bites you.
A kobold comes into view. It is wielding a +0 short sword.
You see here a bat corpse.
There are monsters nearby!
The kobold shouts!
You hit the rat.
You kill the rat!
Your Fighting skill increases to level 2!
The goblin hits you with a +0 club. The goblin barely misses you.
The goblin completely misses you. The gnoll attacks as it pursues you!
The gnoll hits you with a +0 flail. The goblin attacks as it pursues you!
The goblin barely misses you. The gnoll barely misses you.
The goblin attacks as it pursues you! The goblin hits you with a +0 club.
The gnoll attacks as it pursues you! The gnoll hits you with a +0 flail!
Ouch! That really hurt!
* * * LOW HITPOINT WARNING * * *
As you read the scroll labelled EFOEBIROCEM, it crumbles to dust.
Wisps of shadow whirl around you...
It was a scroll of summoning.
The frilled lizard bites your bat. The goblin hits you but does no damage.
Your bat hits the frilled lizard.
Your bat closely misses the goblin.
Your hobgoblin barely misses the gnoll.
Your ball python bites the goblin.
Your ball python closely misses the goblin.
The gnoll hits you with a +0 flail.
* * * LOW HITPOINT WARNING * * *
Your hobgoblin barely misses the goblin.
It was a potion of attraction.
You feel attractive to monsters.
Your ball python barely misses the goblin.
Your ball python misses the goblin.
The gnoll hits you with a +0 flail!
You die...

. ######## .. #......#######
... #............#
....#####...b..bg....#
...>.††.....rl..gg...#
....##.........#gS#### ##
#...#######h†# ####### #...#
#.)###.....# # ....!#
#...##.....# # ##^...#
#.#....)...# # #.....
###..........# #
#....#.###............#######
#...##.......................
###...........######..
#[.........†........


You could see a gnoll (ally target), 2 goblins, a friendly hobgoblin (summoned),
a friendly bat (summoned) and a friendly ball python (summoned).

Vanquished Creatures
  3 endoplasms (D:1)
  A goblin (D:1)
  4 jackals (D:1)
  2 kobolds (D:1)
  2 quokkas (D:1)
  2 ball pythons (D:1)
  A bat (D:1)
  4 rats (D:1)
19 creatures vanquished.

Notes
Turn   | Place    | Note
-------+----------+-------------------------------------------
     0 | D:1      | MisterFreud the Draconian Shapeshifter began the quest for
                  | the Orb.
     0 | D:1      | Reached XP level 1. HP: 16/16 MP: 1/1
   102 | D:1      | Reached XP level 2. HP: 23/23 MP: 2/2
   364 | D:1      | Mangled by a gnoll

Illustrated notes

Levels and vault maps discovered:
D:1:      sevenhm_arrival_forest_fort_small_4, layout_basic

Skill      XL: |  1  2 |
---------------+-------+-----
Fighting       | 2 |  2.0
Dodging        | |  1.7
Unarmed Combat | |  3.3
Shapeshifting  | |  3.3

Action                     || total
---------------------------++-------
  Melee: Unarmed           ||    42
         Tailslap          ||     5
         Punch             ||     1
    Use: Scroll            ||     1
         Potion            ||     1
 Armour: Skin              ||    22
  Dodge: Dodged            ||    25

Table legend: (Time is in decaauts)
 A = Elapsed time spent in this place.
 B = Non-inter-level travel time spent in this place.
 C = Inter-level travel time spent in this place.
 D = Time resting spent in this place.
 E = Time spent auto-exploring this place.
 F = Levels seen in this place.
 G = Mean time per level.
                   A        B        C        D        E       F      G
               +--------+--------+--------+--------+--------+-----+--------+
         Total |    364 |    364 |      0 |      0 |    250 |   1 |  364.0 |
       Dungeon |    364 |    364 |      0 |      0 |    250 |   1 |  364.0 |
               +--------+--------+--------+--------+--------+-----+--------+

Top non-repeatable levels by time:
     D:1: 364 daAuts
